 Dungeon Crawl Stone Soup version bcrawl-1.12-8-g964540c432 (webtiles) character file.

Game seed: 2489024389405376440

23336 MisterOstroum the Cleaver (level 13, -2/105 HPs)
             Began as a Formicid Archaeologist on June 7, 2019.
             Was a High Priest of Okawaru.
             Slain by an entropy weaver (5 damage)
             ... on level 4 of the Lair of Beasts on June 8, 2019.
             The game lasted 00:50:58 (15524 turns).

MisterOstroum the Cleaver (Formicid Archaeologist) Turns: 15524, Time: 00:50:59

Health: -2/105     AC: 16    Str: 24    XL:     13   Next: 34%
Magic:  5/6        EV:  8    Int: 12    God:    Okawaru [*****.]
Gold:   838        SH:  0    Dex:  9    Spells: 12/12 levels left

rFire    + + .     SeeInvis +   a - +8 Wrath of Trog {antimagic, *Rage}
rCold    + + .     Gourm    .   (no shield)
rNeg     . . .     Faith    .   t - +0 plate armour
rPois    .         Spirit   .   (helmet unavailable)
rElec    .         Reflect  .   l - +2 cloak {+Inv}
rCorr    .         Harm     .   H - +4 pair of gloves of Distant Worlds {+Inv rF+ rC+ Int-3}
MR       +....                  M - +0 pair of boots of Eptehap {rF+ Slay+3}
Stlth    ..........             (no amulet)
HPRegen  0.27/turn              y - +4 ring of strength
MPRegen  0.10/turn              (no ring)

@: corroded, very slightly contaminated
A: permanent stasis, dig shafts and tunnels, four strong arms, antennae 3, claws
1, cold resistance 1, MP-powered wands
a: Dig, Shaft Self, Heroism, Finesse, Renounce Religion, Evoke Invisibility


You were on level 4 of the Lair of Beasts.
You worshipped Okawaru.
Okawaru was extremely pleased with you.
You were not hungry.

You visited 3 branches of the dungeon, and saw 14 of its levels.

You collected 1083 gold pieces.
You spent 245 gold pieces at shops.

Inventory:

Hand Weapons
 a - the +8 Wrath of Trog (weapon) {antimagic, *Rage}

   It reduces the magical energy of the wielder, and disrupts the spells and
   magical abilities of those hit.
   Natural abilities and divine invocations are not affected.
   It may make you go berserk in combat.
 b - the +10 spear of Satyriasis {drain, +Inv +Fly rF+ Str+2 Int+3}
   (You found it on level 7 of the Dungeon)

   A truly terrible weapon, it drains the life of those it strikes.
   It affects your strength (+2).
   It affects your intelligence (+3).
   It protects you from fire.
   It lets you turn invisible.
   It lets you fly.
 F - the +3 flail of Bile {crush, rF- rC++ SInv, unknown}
   (You found it on level 4 of the Lair of Beasts)

   It inflicts extra damage upon your enemies.
   It makes you vulnerable to fire.
   It greatly protects you from cold.
   It lets you see invisible.
Missiles
 f - 432 tomahawks
 g - 228 poisoned tomahawks
 h - 2550 stones (quivered)
 L - a throwing net {!f!f}
 R - 53 javelins of penetration
Armour
 l - a +2 cloak of invisibility (worn)
 t - a +0 plate armour (worn)
 H - the +4 pair of gloves of Distant Worlds (worn) {+Inv rF+ rC+ Int-3}
   (You found it on level 8 of the Dungeon)

   It affects your intelligence (-3).
   It protects you from fire.
   It protects you from cold.
   It lets you turn invisible.
 M - the +0 pair of boots of Eptehap (worn) {rF+ Slay+3}
   (You found it on level 3 of the Lair of Beasts)

   It affects your accuracy and damage with ranged weapons and melee attacks
   (+3).
   It protects you from fire.
 Q - the cursed +1 leather armour "Qecobi Ubaf" {rElec Str+2 Int+2, unknown}
   (You found it on level 4 of the Lair of Beasts)

   It affects your strength (+2).
   It affects your intelligence (+2).
   It insulates you from electricity.
   It has a curse placed upon it.
Jewellery
 y - a +4 ring of strength (left hand)
Wands
 n - a wand of flame (15)
 r - a wand of digging (5)
 u - a wand of disintegration (10)
 x - a wand of paralysis (18)
 B - a wand of acid (11)
Scrolls
 m - 5 scrolls of remove curse {@r2}
 p - 2 scrolls of amnesia
 s - 3 scrolls of fear {!r}
 z - 4 scrolls of fog {!r}
 A - 2 scrolls of magic mapping {unknown}
 D - 2 scrolls of brand weapon {unknown}
 E - 7 scrolls of identify {@r1}
 G - a scroll of immolation
 I - 3 scrolls of enchant armour
 J - a scroll of summoning {unknown}
Potions
 c - 2 potions of cancellation {unknown}
 d - a potion of flight
 i - a potion of ambrosia
 j - a potion of might {@q3 !q}
 k - 2 potions of lignification {@q6}
 o - 3 potions of heal wounds {@q2 !q}
 q - 4 potions of brilliance
 v - 7 potions of curing {@q1 !q}
 w - 2 potions of agility
 C - a potion of mutation
 K - a potion of berserk rage {unknown}
 O - a potion of magic {unknown}
Miscellaneous
 N - a lightning rod (4/4)
 P - a lamp of fire
Comestibles
 e - 29 rations {!d}


   Skills:
 + Level 10.9 Fighting
 * Level 12.8 Axes
 - Level 5.0 Throwing
 * Level 9.9 Armour
 - Level 2.6 Dodging
 - Level 4.0 Stealth
 - Level 7.1 Invocations
 * Level 9.5 Evocations


You had 12 spell levels left.
You didn't know any spells.
Your spell library contained the following spells:

 Spells                   Type           Power        Failure   Level  Hunger
 Shock                    Conj/Air       #...         98%         1    ##.....
 Sting                    Conj/Pois      #...         98%         1    ##.....
 Poisonous Vapours        Pois/Air       #.....       99%         2    ###....
 Swiftness                Chrm/Air       #.......     99%         2    ###....
 Ignite Poison            Fire/Tmut/Pois #.......     100%        3    ####...
 Static Discharge         Conj/Air       #.......     100%        3    ####...
 Airstrike                Air            #.........   100%        4    #####..
 Olgreb's Toxic Radiance  Pois           #.......     100%        4    #####..
 Summon Scorpions         Summ/Pois      #.......     100%        4    #####..
 Lightning Bolt           Conj/Air       #.........   100%        5    ######.
 Venom Bolt               Conj/Pois      #.........   100%        5    ######.


Dungeon Overview and Level Annotations

Branches:
Dungeon (9/12)             Temple (1/1) D:5            Lair (4/6) D:9
 Shoals (0/3) Lair:3        Snake (0/3) Lair:4
    Orc: D:8-11

Altars:
Ashenzari
Cheibriados
Dithmenos
Elyvilon
Fedhas
Gozag
Hepliaklqana
Kikubaaqudgha
Lugonu
Makhleb
Nemelex Xobeh
Okawaru
Qazlal
Ru
Sif Muna
Trog
Uskayaw
Vehumet
Wu Jian
Xom
Yredelemnul
Zin
The Shining One

Shops:
D:5 [?(*


Innate Abilities, Weirdness & Mutations

You cannot be hasted, slowed, berserked, paralysed or teleported.
You can dig through walls and to a lower floor.
Your four strong arms can wield two-handed weapons with a shield.
You have a pair of large antennae on your head. (SInv)
You have sharp fingernails.
Your flesh is cold resistant. (rC+)
You expend magic power (3 MP) to strengthen your wands.


Message History

You see here a centaur skeleton.
You slash the fire crab!
The fire crab is lightly wounded.
The fire crab barely misses you. The fire crab closely misses you.
You hit the fire crab but do no damage.
The fire crab is lightly wounded.
The entropy weaver gestures wildly while chanting.
The entropic weave corrodes you!
The fire crab bites you but does no damage.
The fire crab claws you but does no damage.
You hit the fire crab.
The fire crab is moderately wounded.
You slice the fire crab!!
The fire crab is severely wounded.
The fire crab bites you but does no damage.
The fire crab claws you but does no damage.
You hit the fire crab.
The fire crab is severely wounded.
The fire crab barely misses you.
The fire crab claws you but does no damage.
You slash the fire crab!
The fire crab is almost dead.
The fire crab misses you. The fire crab claws you.
You are engulfed in flames.
You resist.
You slash the fire crab!
You kill the fire crab!
Okawaru accepts your kill.
You slice the entropy weaver!!
The entropy weaver's magic leaks into the air.
The entropy weaver is moderately wounded.
The entropy weaver hits you.
The entropy weaver hits you but does no damage.
The entropy weaver closely misses you. The entropy weaver hits you.
You hit the entropy weaver but do no damage.
The entropy weaver is moderately wounded.
The entropy weaver hits you but does no damage.
The entropy weaver hits you.
The entropy weaver hits you but does no damage.
The entropy weaver hits you.
You barely miss the entropy weaver.
The entropy weaver is moderately wounded.
A fire crab comes into view.
The entropy weaver casts a spell.
The entropic weave corrodes you!
You slash the entropy weaver!
The entropy weaver's magic leaks into the air.
Your punch misses the entropy weaver.
The entropy weaver is moderately wounded.
You hit the entropy weaver but do no damage.
The entropy weaver is moderately wounded.
The entropy weaver closely misses you.
The entropy weaver hits you but does no damage.
The entropy weaver barely misses you.
The entropy weaver hits you but does no damage.
You completely miss the entropy weaver.
The entropy weaver is moderately wounded.
The entropy weaver hits you. The entropy weaver hits you!
The entropy weaver barely misses you.
The entropy weaver hits you but does no damage.
You slice the entropy weaver!!
The entropy weaver's magic leaks into the air.
The entropy weaver is severely wounded.
The entropy weaver misses you.
The entropy weaver hits you but does no damage.
The entropy weaver hits you. The entropy weaver closely misses you.
You slash the entropy weaver!
The entropy weaver's magic leaks into the air.
The entropy weaver is almost dead.
The entropy weaver hits you. x2
The entropy weaver hits you but does no damage.
The entropy weaver hits you!
You feel like a meek peon again. The entropy weaver hits you.
* * * LOW HITPOINT WARNING * * *
The entropy weaver hits you!
* * * LOW HITPOINT WARNING * * *
The entropy weaver hits you!
* * * LOW HITPOINT WARNING * * *
The entropy weaver hits you!
* * * LOW HITPOINT WARNING * * *
Press: ? - help, v - describe, . - travel
Here: an entropy weaver (severely wounded)
The floor.
Really quaff
o - 4 potions of heal wounds {@q2 !q}?
You feel much better. The entropy weaver hits you.
* * * LOW HITPOINT WARNING * * *
The entropy weaver hits you!
* * * LOW HITPOINT WARNING * * *
The entropy weaver hits you!
* * * LOW HITPOINT WARNING * * *
The entropy weaver hits you but does no damage.
You barely miss the entropy weaver.
The entropy weaver is severely wounded.
The entropy weaver hits you but does no damage.
The entropy weaver hits you.
* * * LOW HITPOINT WARNING * * *
The entropy weaver hits you!
* * * LOW HITPOINT WARNING * * *
The entropy weaver hits you.
You die...

#.##......#
..##......# .#
..#P......#{ { .#
.P#.......# .#
...#......# ÷#
..........# t#
.#.#......# .#
..........#########†#
..........[†÷...@at.#
..........###########
...................#
.###.....#.#..##...##
#.##.....#######....#
####......#...##...##
..##...........#...##
..#......#..........#
.###......#.........#


You could see an entropy weaver and a fire crab.

Vanquished Creatures
  5 hydras
  2 two-headed ogres
  2 fire crabs (Lair:4)
  A cyclops (D:9)
  6 elephants (Lair:3)
  A black mamba (Lair:4)
  A centaur zombie (D:8)
  6 komodo dragons
  9 cane toads
  A rime drake (Lair:1)
  A troll (D:8)
  A snapping turtle (Lair:3)
  3 hippogriffs
  A shadow (D:9)
  A wyvern (Lair:2)
  13 yaks
  A basilisk (Lair:2)
  4 nagas (Lair:4)
  6 water moccasins
  7 porcupines
  5 orc warriors
  An ice beast (D:6)
  A phantom (D:6)
  3 ogres
  A black bear (D:8)
  A necrophage (D:9)
  10 wolves
  4 centaurs
  7 crocodiles
  13 bullfrogs
  9 scorpions
  A howler monkey (D:6)
  An electric eel (Lair:3)
  A crimson imp (D:8)
  2 jellies
  2 bullfrog zombies
  A bullfrog skeleton (D:5)
  2 hounds
  10 orc wizards
  7 orc priests
  2 iguanas
  3 worker ants
  Terence (D:2)
  A hound zombie (D:6)
  A hound skeleton (D:5)
  A howler monkey zombie (D:4)
  8 adders
  3 gnolls (D:7)
  A howler monkey skeleton (D:4)
  3 shadow imps
  2 oozes
  An adder skeleton (D:5)
  6 worms
  3 dart slugs
  2 leopard geckos
  49 orcs
  2 giant cockroaches
  A goblin (D:1)
  10 hobgoblins
  10 jackals
  5 kobolds
  5 quokkas
  A ball python (D:1)
  6 bats
  2 frilled lizards
  2 jackal skeletons
  A quokka zombie (D:4)
  3 rats
289 creatures vanquished.

Vanquished Creatures (others)
  7 fungi
  3 plants
10 creatures vanquished.

Grand Total: 299 creatures vanquished

Notes
Turn   | Place    | Note
-------+----------+-------------------------------------------
     0 | D:1      | MisterOstroum the Formicid Archaeologist began the quest
                  | for the Orb.
     0 | D:1      | Reached XP level 1. HP: 15/15 MP: 1/1
   158 | D:1      | Reached XP level 2. HP: 22/22 MP: 2/2
   702 | D:1      | Reached XP level 3. HP: 29/29 MP: 3/3
   866 | D:2      | Reached skill level 1 in Axes
   887 | D:2      | Found a radiant altar of Vehumet.
  1030 | D:2      | Reached skill level 2 in Axes
  1421 | D:2      | Found an ancient bone altar of Kikubaaqudgha.
  1715 | D:2      | Reached skill level 3 in Axes
  1715 | D:2      | Reached XP level 4. HP: 35/35 MP: 4/4
  1807 | D:2      | Noticed Terence
  1819 | D:2      | Killed Terence
  1819 | D:2      | Reached skill level 4 in Axes
  2109 | D:3      | Reached skill level 5 in Axes
  2109 | D:3      | Reached XP level 5. HP: 39/41 MP: 5/5
  2342 | D:3      | Found a shimmering altar of Xom.
  2384 | D:3      | Reached skill level 6 in Axes
  2530 | D:3      | Found a basalt altar of Yredelemnul.
  2631 | D:3      | Gained mutation: You expend magic power (3 MP) to
                  | strengthen your wands. [potion of mutation]
  2631 | D:3      | Gained mutation: You have sharp fingernails. [potion of
                  | mutation]
  2631 | D:3      | Gained mutation: Your flesh is cold resistant. (rC+)
                  | [potion of mutation]
  2648 | D:3      | Reached XP level 6. HP: 30/47 MP: 6/6
  2902 | D:3      | Reached skill level 7 in Axes
  3183 | D:3      | Found an iron altar of Okawaru.
  3244 | D:3      | Found a shadowy altar of Dithmenos.
  3350 | D:3      | Found a hide-covered altar of Uskayaw.
  3674 | D:4      | Reached skill level 1 in Evocations
  3715 | D:4      | Found a hazy altar of Hepliaklqana.
  3724 | D:4      | Reached skill level 1 in Armour
  3724 | D:4      | Reached XP level 7. HP: 49/52 MP: 2/7
  3950 | D:4      | Found a sacrificial altar of Ru.
  4131 | D:4      | Found an opulent altar of Gozag.
  4230 | D:4      | Found a glowing drain.
  4462 | D:5      | Entered Level 5 of the Dungeon
  4462 | D:5      | Found Hasaguur's Armour Shop.
  4523 | D:5      | Found a staircase to the Ecumenical Temple.
  4545 | Temple   | Entered the Ecumenical Temple
  4747 | D:3      | Became a worshipper of Warmaster Okawaru
  4865 | D:5      | Found Kuykewky's Magic Scroll Boutique.
  4869 | D:5      | Bought a scroll of fear for 38 gold pieces
  5053 | D:5      | Found a snail-covered altar of Cheibriados.
  5153 | D:5      | Found an opulent altar of Gozag.
  5330 | D:5      | Reached skill level 5 in Fighting
  5330 | D:5      | Reached XP level 8. HP: 62/62 MP: 3/9
  5438 | D:5      | Found Damy's Weapon Shoppe.
  5450 | D:5      | Found Hoasiyck's Assorted Antiques.
  5463 | D:5      | Bought a bronze wand for 84 gold pieces
  5463 | D:5      | Bought an opal ring for 105 gold pieces
  5463 | D:5      | Bought a ruby potion for 18 gold pieces
  5999 | D:6      | Reached * piety under Okawaru
  6369 | D:6      | Reached skill level 8 in Axes
  6732 | D:6      | Found a stormy altar of Qazlal.
  6836 | D:7      | Noticed a hippogriff
  6843 | D:7      | Killed a hippogriff
  6843 | D:7      | Reached ** piety under Okawaru
  6843 | D:7      | Reached XP level 9. HP: 70/71 MP: 4/12
  7176 | D:7      | Got a brightly glowing spear
  7334 | D:7      | Reached *** piety under Okawaru
  7407 | D:7      | Found a burning altar of Makhleb.
  7586 | D:7      | Found a corrupted altar of Lugonu.
  7642 | D:8      | Reached skill level 5 in Armour
  7642 | D:8      | Reached skill level 5 in Evocations
  7722 | D:8      | Noticed a troll
  7731 | D:8      | Killed a troll
  7731 | D:8      | Reached skill level 9 in Axes
  7770 | D:8      | Got a pair of dazzling gloves
  7800 | D:8      | Reached XP level 10. HP: 82/82 MP: 4/13
  7806 | D:8      | Found a blossoming altar of Fedhas.
  7849 | D:8      | Reached skill level 1 in Invocations
  8062 | D:8      | Noticed a two-headed ogre
  8071 | D:8      | Killed a two-headed ogre
  8562 | D:9      | Reached **** piety under Okawaru
  8631 | D:9      | Reached skill level 10 in Axes
  8668 | D:9      | Reached skill level 10 in Fighting
  9195 | D:9      | Found a bloodstained altar of Trog.
  9204 | D:9      | Reached skill level 5 in Invocations
  9288 | D:9      | Noticed a two-headed ogre
  9294 | D:9      | Killed a two-headed ogre
  9294 | D:9      | Reached ***** piety under Okawaru
  9294 | D:9      | Reached XP level 11. HP: 79/89 MP: 2/16
  9305 | D:9      | Identified the +4 pair of gloves of Distant Worlds {+Inv
                  | rF+ rC+ Int-3} (You found it on level 8 of the Dungeon)
  9399 | D:9      | Found a staircase to the Lair.
  9566 | D:9      | Noticed a cyclops
  9573 | D:9      | Killed a cyclops
  9573 | D:9      | Reached skill level 1 in Throwing
  9734 | D:9      | Found a glowing silver altar of Zin.
  9735 | D:9      | Noticed an angel
  9899 | Lair:1   | Entered Level 1 of the Lair of Beasts
 10148 | Lair:1   | Noticed an eight-headed hydra
 10149 | Lair:1   | Identified the +10 spear of Satyriasis {drain, +Inv +Fly
                  | rF+ Str+2 Int+3} (You found it on level 7 of the Dungeon)
 10160 | Lair:1   | Killed an eight-headed hydra
 10582 | Lair:1   | Noticed a six-headed hydra
 10600 | Lair:1   | Killed a seven-headed hydra
 10600 | Lair:1   | Received a gift from Okawaru
 10600 | Lair:1   | Reached skill level 11 in Axes
 11804 | Lair:2   | Reached XP level 12. HP: 88/96 MP: 5/17
 12397 | Lair:3   | Received a gift from Okawaru
 12472 | Lair:3   | Reached skill level 5 in Throwing
 12571 | Lair:3   | Reached skill level 12 in Axes
 13150 | Lair:3   | Found a staircase to the Shoals.
 13243 | Lair:3   | Got a pair of spiked boots
 13300 | Lair:3   | Identified the +0 pair of boots of Eptehap {rF+ Slay+3}
                  | (You found it on level 3 of the Lair of Beasts)
 14049 | Lair:4   | Noticed a five-headed hydra
 14057 | Lair:4   | Killed a five-headed hydra
 14563 | Lair:4   | Reached XP level 13. HP: 98/104 MP: 4/19
 14724 | Lair:4   | Found a staircase to the Snake Pit.
 14732 | Lair:4   | Got a jewelled leather armour
 14770 | Lair:4   | Noticed a four-headed hydra
 14781 | Lair:4   | Killed a five-headed hydra
 14781 | Lair:4   | Received a gift from Okawaru
 14998 | Lair:4   | Found a runed door.
 15048 | Lair:4   | Got a slimy flail
 15148 | Lair:4   | Noticed a four-headed hydra
 15159 | Lair:4   | Killed a five-headed hydra
 15492 | Lair:4   | Received a gift from Okawaru
 15501 | Lair:4   | Noticed an entropy weaver
 15522 | Lair:4   | HP: 5/105 [entropy weaver (8)]
 15524 | Lair:4   | Slain by an entropy weaver

Skill      XL: |  1  2  3  4  5  6  7  8  9 10 11 12 13 |
---------------+----------------------------------------+-----
Fighting       | 2 3 5 6 8 10 | 10.9
Axes           | 3 5 6 7 8 9 10 11 12 | 12.8
Evocations     | 1 2 4 5 6 8 9 |  9.5
Armour         | 1 2 4 5 7 9 |  9.9
Invocations    | 7 |  7.1
Throwing       | 4 5 |  5.0
Dodging        | |  2.6
Stealth        | |  4.0

Action                   |  1- 3 |  4- 6 |  7- 9 | 10-12 | 13-15 || total
-------------------------+-------+-------+-------+-------+-------++-------
Melee: Unarmed           |    15 |       |       |       |       ||    15
       Short sword       |   142 |    64 |       |       |       ||   206
       Whip              |       |    93 |       |       |       ||    93
       Battleaxe         |       |    38 |   192 |   302 |    48 ||   580
       Flail             |       |     8 |       |       |       ||     8
       Spear             |       |       |       |    17 |    10 ||    27
       Punch             |       |       |       |     3 |       ||     3
Throw: Stone             |    62 |    60 |   153 |   134 |    41 ||   450
       Tomahawk          |       |       |       |     9 |       ||     9
Invok: Heroism           |       |       |     1 |    17 |     3 ||    21
 Abil: Evoke Invisibilit |       |       |       |       |     1 ||     1
Evoke: Wand              |       |       |       |     2 |       ||     2
       Lightning rod     |       |       |       |     1 |       ||     1
  Use: Potion            |       |     5 |       |     1 |     1 ||     7
       Scroll            |       |     5 |     8 |     3 |       ||    16
 Stab: Sleeping          |     2 |       |       |       |       ||     2
  Eat: Chunk             |     2 |     7 |    14 |    14 |     2 ||    39
       Ration            |       |       |       |     2 |     1 ||     3
Armor: Robe              |    28 |       |       |       |       ||    28
       Chain mail        |    37 |    96 |    42 |       |       ||   175
       Plate armour      |       |       |   106 |   226 |    46 ||   378
Dodge: Dodged            |    66 |    72 |    84 |   141 |    28 ||   391
